 Dungeon Crawl Stone Soup version 0.23.2-40-g277498a001 (webtiles) character file.

Game seed: 2419176149371947078

193 FishyPogo the Caller (level 6, -9/32 HPs)
             Began as a Kobold Summoner on Sept 21, 2019.
             Was an Initiate of Yredelemnul.
             Killed by divine providence
             ... invoked by an orc priest
              (15 damage)
             ... on level 5 of the Dungeon.
             The game lasted 00:17:23 (3684 turns).

FishyPogo the Caller (Kobold Summoner)              Turns: 3684, Time: 00:17:24

Health: -9/32      AC:  5    Str:  7    XL:     6   Next: 2%
Magic:  8/11       EV: 17    Int: 19    God:    Yredelemnul [......]
Gold:   275        SH:  0    Dex: 15    Spells: 5/12 levels left

rFire    . . .     SeeInvis .   a - +0 short sword
rCold    . . .     Gourm    .   (shield restricted)
rNeg     . . .     Faith    .   n - +1 robe {MR+}
rPois    .         Spirit   .   (no helmet)
rElec    .         Reflect  .   (no cloak)
rCorr    .         Harm     .   m - +0 pair of gloves
MR       +....                  k - +0 pair of boots
Stlth    +++.......             (no amulet)
HPRegen  0.10/turn              e - +2 ring of strength
MPRegen  0.12/turn              (no ring)

@: no status effects
A: small, carnivore
a: Renounce Religion


You were on level 5 of the Dungeon.
You worshipped Yredelemnul.
Yredelemnul was noncommittal.
You were very full.

You visited 1 branch of the dungeon, and saw 5 of its levels.

You collected 275 gold pieces.

Inventory:

Hand Weapons
 a - a +0 short sword (weapon)
Missiles
 j - 129 stones (quivered)
Armour
 k - a +0 pair of boots (worn)
 m - a +0 pair of gloves (worn)
 n - a +1 robe of magic resistance (worn)
 t - +0 fire dragon scales
Jewellery
 e - a +2 ring of strength (left hand)
Scrolls
 b - 2 scrolls of teleportation {unknown}
 d - 3 scrolls of identify {unknown}
 f - 6 scrolls of remove curse {unknown}
 o - 3 scrolls of fog {unknown}
 p - a scroll of amnesia {unknown}
 r - a scroll of immolation {unknown}
 s - 2 scrolls of magic mapping {unknown}
 w - 2 scrolls of fear {unknown}
 y - a scroll of enchant weapon {unknown}
Potions
 g - a potion of curing {unknown}
 h - a potion of resistance {unknown}
 i - 3 potions of brilliance {unknown}
 l - a potion of might {unknown}
 q - a potion of degeneration {unknown}
 u - a potion of heal wounds {unknown}
 v - 2 potions of ambrosia {unknown}
 z - a potion of magic {unknown}
Comestibles
 c - 10 rations
 x - 4 chunks of flesh


   Skills:
 + Level 1.9 Short Blades
 * Level 4.2 Dodging
 + Level 3.7 Stealth
 * Level 3.7 Spellcasting
 + Level 4.5 Summonings


You had 5 spell levels left.
You knew the following spells:

 Your Spells              Type           Power        Failure   Level  Hunger
d - Summon Small Mammal   Summ           ###.         2%          1    None
e - Call Canine Familiar  Summ           ###.....     6%          3    ###....
f - Summon Guardian Gole  Hex/Summ       ##......     17%         3    ###....

Your spell library contained the following spells:

 Spells                   Type           Power        Failure   Level  Hunger
 Call Imp                 Summ           ###.....     3%          2    ##.....
 Summon Ice Beast         Ice/Summ       ##......     50%         4    ####...
 Summon Lightning Spire   Summ/Air       ##......     50%         4    ####...


Dungeon Overview and Level Annotations

Branches:
Dungeon (5/15)
 Temple: D:4-7

Altars:
Gozag
Okawaru
Yredelemnul

Annotations:
D:2 Sigmund
D:3 Ijyb
D:5 Edmund


Innate Abilities, Weirdness & Mutations

You are small and have problems with some larger weapons.
You are carnivorous and can eat meat at any time.


Message History

The orc dies!
Yredelemnul accepts your kill.
You start resting.
Your quokka disappears in a puff of smoke!
Your guardian golem disappears in a puff of smoke!
Your bat disappears in a puff of smoke!
Some of the chunks of flesh in your inventory have rotted away.
Your hound disappears in a puff of smoke!
Magic restored.
The orc priest is too close now for your liking.
The orc priest calls down the wrath of Beogh upon you.
Beogh smites you!
* * * LOW HITPOINT WARNING * * *
You hear a shout!
Casting: Summon Guardian Golem (safe; 17% risk of failure)
Confirm with . or Enter, or press ? or * to list all spells.
The orc priest calls down the wrath of Beogh upon you.
Beogh smites you!
You die...
Your body rises from the dead as a mindless zombie.

...o# #.# ###b# #.#
# #.# #.# ###r#
####.# ...r# ..#.#
#.########## #o#.#
#.8)b.r....# #.#.#
##########o# ##h..#
#.#####@.###
#..........#
#..#######.# #..#
### #.#
#..#######.##
######...รท'_+....#
#.......###+###..#
#.#####.# #.#
#..##### #.#
##..###.###....<.#


You could see an orc priest and a friendly hound.

Vanquished Creatures
  A scorpion (D:4)
  An adder (D:2)
  A gnoll (D:4)
  A worm (D:2)
  A leopard gecko (D:5)
  2 orcs (D:3)
  3 hobgoblins
  A kobold (D:1)
  A ball python (D:1)
  3 bats
  4 rats
19 creatures vanquished.

Vanquished Creatures (collateral kills)
  A bullfrog zombie (D:5)
  An iguana (D:4)
  Jessica (D:2)
  6 adders
  3 worms
  A leopard gecko (D:2)
  2 orcs (D:5)
  8 goblins
  9 hobgoblins
  4 jackals (D:4)
  6 kobolds
  A quokka (D:2)
  5 bats
  A frilled lizard (D:3)
  6 rats
55 creatures vanquished.

Grand Total: 74 creatures vanquished

Notes
Turn   | Place    | Note
-------+----------+-------------------------------------------
     0 | D:1      | FishyPogo the Kobold Summoner began the quest for the Orb.
     0 | D:1      | Reached XP level 1. HP: 10/10 MP: 3/3
   338 | D:1      | Reached XP level 2. HP: 15/15 MP: 1/5
   837 | D:2      | Reached XP level 3. HP: 12/19 MP: 1/7
   939 | D:2      | Noticed Jessica
   959 | D:2      | Killed Jessica
  1038 | D:2      | Learned a level 3 spell: Call Canine Familiar
  1042 | D:2      | Learned a level 3 spell: Summon Guardian Golem
  1129 | D:2      | Found a faded altar of an unknown god.
  1136 | D:2      | Noticed Sigmund
  1247 | D:2      | Noticed a phantom
  1589 | D:2      | Reached skill level 1 in Short Blades
  1589 | D:2      | Reached XP level 4. HP: 19/24 MP: 3/8
  2235 | D:3      | Noticed Ijyb
  2490 | D:4      | Reached XP level 5. HP: 20/28 MP: 2/9
  2659 | D:4      | Found an opulent altar of Gozag.
  3069 | D:4      | Found an iron altar of Okawaru.
  3301 | D:5      | Entered Level 5 of the Dungeon
  3429 | D:5      | Found a basalt altar of Yredelemnul.
  3466 | D:5      | Became a worshipper of Yredelemnul the Dark
  3490 | D:5      | Noticed Edmund
  3533 | D:5      | Noticed a sky beast
  3544 | D:5      | Reached XP level 6. HP: 26/32 MP: 5/11
  3684 | D:5      | Killed from afar by an orc priest

Skill      XL: |  1  2  3  4  5 |
---------------+----------------+-----
Dodging        | 3 4 |  4.2
Stealth        | 3 |  3.7
Short Blades   | 1 |  1.9
Spellcasting   | 3 |  3.7
Summonings     | |  4.5

Action                   |  1- 3 |  4- 6 || total
-------------------------+-------+-------++-------
Melee: Unarmed           |    47 |       ||    47
       Short sword       |    22 |    65 ||    87
Throw: Stone             |       |     2 ||     2
 Cast: Summon Small Mamm |    48 |    30 ||    78
       Call Canine Famil |     4 |    18 ||    22
       Summon Guardian G |     3 |     7 ||    10
 Stab: Distracted        |     1 |     3 ||     4
       Sleeping          |     1 |     2 ||     3
  Eat: Chunk             |    11 |     9 ||    20
Armor: Robe              |    15 |    19 ||    34
Dodge: Dodged            |    85 |    82 ||   167
